 Dungeon Crawl Stone Soup version 0.25-a0-992-gca090100c3 (webtiles) character file.

Game seed: 10209163511466873259, levelgen mode: deterministic

11519 Flugslaktarn the Severer (level 11, -3/95 HPs)
             Began as a Minotaur Fighter on May 10, 2020.
             Was a High Priest of Makhleb.
             Killed from afar by a fire dragon (47 damage)
             ... with a blast of flame
             ... on level 11 of the Dungeon.
             The game lasted 00:05:22 (7854 turns).

Flugslaktarn the Severer (Minotaur Fighter)         Turns: 7854, Time: 00:05:23

Health: -3/95      AC: 16    Str: 22    XL:     11   Next: 50%
Magic:  13/13      EV:  5    Int:  9    God:    Makhleb [*****.]
Gold:   573        SH: 11    Dex: 12    Spells: 10/10 levels left

rFire    . . .     SeeInvis .   g - +8 war axe "Peaxtiv" {freeze, *Rage +Fly rN+ Int+4}
rCold    . . .     Gourm    .   c - +0 kite shield
rNeg     + . .     Faith    .   p - +0 plate armour
rPois    .         Spirit   .   (helmet restricted)
rElec    .         Reflect  .   (no cloak)
rCorr    .         Harm     .   a - +0 pair of gloves
MR       .....     Rnd*Rage +   y - +0 pair of boots
Stlth    ..........             (no amulet)
HPRegen  0.25/turn              j - +2 ring of slaying
MPRegen  0.13/turn              (no ring)

@: no status effects
A: retaliatory headbutt, horns 2
a: Minor Destruction, Lesser Servant of Makhleb, Major Destruction, Greater
Servant of Makhleb, Renounce Religion, Evoke Flight


You were on level 11 of the Dungeon.
You worshipped Makhleb.
Makhleb was extremely pleased with you.
You were hungry.

You visited 2 branches of the dungeon, and saw 12 of its levels.

You collected 573 gold pieces.

Inventory:

Hand Weapons
 g - the +8 war axe "Peaxtiv" (weapon) {freeze, *Rage +Fly rN+ Int+4}
   (You found it on level 6 of the Dungeon)

   It has been specially enchanted to freeze those struck by it, causing extra
   injury to most foes and up to half again as much damage against particularly
   susceptible opponents.
   It can also slow down cold-blooded creatures.
   It affects your intelligence (+4).
   It protects you from negative energy.
   It lets you fly.
   It may make you go berserk in combat.
Armour
 a - a +0 pair of gloves (worn)
   (You found it on level 8 of the Dungeon)
 c - a +0 kite shield (worn)
 p - a +0 plate armour (worn)
   (You found it on level 4 of the Dungeon)
 y - a +0 pair of boots (worn)
   (You found it on level 7 of the Dungeon)
Jewellery
 j - a +2 ring of slaying (left hand)
   (You found it on level 7 of the Dungeon)
 x - a cursed -5 ring of intelligence {unknown}
   (You found it on level 10 of the Dungeon)
Wands
 b - a wand of acid (12)
   (You found it on level 10 of the Dungeon)
 i - a wand of clouds (2)
   (You took it off a centaur on level 6 of the Dungeon)
 v - a wand of paralysis (14)
   (You found it on level 7 of the Dungeon)
Scrolls
 f - a scroll of summoning {unknown}
 k - a scroll of noise {unknown}
 l - a scroll of fog {unknown}
 o - 2 scrolls of immolation
 r - 5 scrolls of identify
 s - 2 scrolls of amnesia
 t - 4 scrolls of teleportation
 w - 2 scrolls of enchant weapon
Potions
 d - a potion of might
 h - a potion of haste
 m - 2 potions of lignification
 n - 2 potions of resistance
 q - 6 potions of curing
 u - a potion of magic {unknown}
Comestibles
 e - 12 rations


   Skills:
 + Level 8.8 Fighting
   Level 6.7 Short Blades
 * Level 15.2 Axes
 + Level 8.7 Armour
 + Level 8.7 Shields
 + Level 4.9 Invocations


You had 10 spell levels left.
You didn't know any spells.
Your spell library was empty.

Dungeon Overview and Level Annotations

Branches:
Dungeon (11/15)            Temple (1/1) D:6            Lair (0/6) D:11
    Orc (0/2) D:9

Altars:
Ashenzari
Dithmenos
Elyvilon
Fedhas
Makhleb
Nemelex Xobeh
Ru
Sif Muna
Vehumet
Xom
Yredelemnul
Zin
Jiyva

Shops:
D:9 *

Annotations:
D:4 1 runed translucent door, Flugslaktarn's ghost, amateur MiFi
D:8 3 runed translucent doors, gruber's ghost, novice GnFi


Innate Abilities, Weirdness & Mutations

You reflexively headbutt those who attack you in melee.
You have a pair of horns on your head.


Message History

The fire dragon claws you but does no damage.
The fire dragon tramples you but does no damage.
You slash the fire dragon! You freeze the fire dragon.
Your headbutt misses the fire dragon.
The fire dragon is lightly wounded.
You block the fire dragon's attack.
The fire dragon claws you but does no damage.
The fire dragon tramples you but does no damage.
You completely miss the fire dragon.
You headbutt the fire dragon, but do no damage.
The fire dragon is lightly wounded.
The fire dragon bites you! You block the fire dragon's attack.
The fire dragon tramples you.
You stumble backwards!
You slash the fire dragon! You freeze the fire dragon.
Your headbutt misses the fire dragon.
The fire dragon is moderately wounded.
A leopard gecko comes into view.
The fire dragon breathes flames at you. The blast of flame hits you!!!
You die...

.............#
.............#
.............#
...#####.###.#
#.. #.# #.# #.
#.# #.# #.#
#.# #.# #.##
###.###.@#
.l.....D.#
...≈≈≈...#
.§≈§≈.≈..#
≈≈≈.§≈≈..#
≈≈≈>.≈...#
.≈.≈≈§§..#
≈≈≈≈≈≈...#
.≈≈.≈...##


You could see a fire dragon (catching breath) and a leopard gecko.

Vanquished Creatures
  A two-headed ogre (D:9)
  An unseen horror (D:10)
  A centaur zombie (D:10)
  Maggie (D:10)
  2 hornets
  2 hippogriffs
  A wyvern (D:10)
  5 yaks (D:9)
  Edmund (D:5)
  A soldier ant (D:10)
  2 black bears (D:9)
  3 ice beasts
  2 necrophages
  2 phantoms
  An eye of draining (D:10)
  8 orc warriors
  A sky beast (D:9)
  6 centaurs
  3 ogres
  2 big kobolds
  6 bullfrogs
  A water moccasin zombie (D:7)
  A scorpion (D:6)
  13 killer bees
  5 wights (D:9)
  2 electric eels (D:9)
  4 crimson imps
  A jelly (D:9)
  7 orc priests
  5 hounds
  A bullfrog zombie (D:8)
  A gnoll shaman (D:8)
  5 bullfrog skeletons
  A centaur skeleton (D:4)
  Terence (D:2)
  6 iguanas
  6 orc wizards
  11 worker ants
  A killer bee zombie (D:10)
  2 hound skeletons
  9 gnolls
  10 adders
  A shadow imp (D:8)
  2 adder skeletons
  An adder zombie (D:8)
  3 worms
  2 dart slugs (D:3)
  2 leopard geckos
  37 orcs
  5 giant cockroaches
  2 goblins (D:3)
  2 hobgoblins
  4 jackals (D:4)
  2 quokkas
  2 ball pythons (D:3)
  2 bats
  2 frilled lizards (D:4)
  11 kobolds
  A leopard gecko zombie (D:8)
  3 quokka skeletons
  2 rats
231 creatures vanquished.

Vanquished Creatures (others)
  2 withered plants (D:4)
2 creatures vanquished.

Grand Total: 233 creatures vanquished

Notes
Turn   | Place    | Note
-------+----------+-------------------------------------------
     0 | D:1      | Flugslaktarn the Minotaur Fighter began the quest for the
                  | Orb.
     0 | D:1      | Reached XP level 1. HP: 19/19 MP: 0/0
    49 | D:2      | Noticed Terence
    75 | D:2      | Killed Terence
    75 | D:2      | Reached XP level 2. HP: 22/27 MP: 1/1
    75 | D:2      | Reached XP level 3. HP: 27/33 MP: 2/2
   647 | D:3      | Reached XP level 4. HP: 40/40 MP: 3/3
   774 | D:4      | Noticed an ice beast
   780 | D:4      | Killed an ice beast
   780 | D:4      | Reached XP level 5. HP: 44/47 MP: 4/4
   828 | D:4      | Found a runed translucent door.
   829 | D:4      | Noticed Flugslaktarn's ghost (amateur MiFi)
   973 | D:4      | Reached XP level 6. HP: 41/55 MP: 5/5
  1128 | D:4      | Reached skill level 5 in Shields
  1541 | D:5      | Entered Level 5 of the Dungeon
  1592 | D:4      | Reached skill level 5 in Fighting
  1592 | D:4      | Reached skill level 5 in Short Blades
  1592 | D:4      | Reached skill level 5 in Armour
  2024 | D:5      | Noticed Edmund
  2036 | D:5      | Killed Edmund
  2036 | D:5      | Reached XP level 7. HP: 42/61 MP: 6/6
  2841 | D:6      | Got a scorched war axe
  2842 | D:6      | Identified the +8 war axe "Peaxtiv" {freeze, *Rage +Fly rN+
                  | Int+4} (You found it on level 6 of the Dungeon)
  2900 | D:6      | Found a staircase to the Ecumenical Temple.
  2915 | Temple   | Entered the Ecumenical Temple
  2972 | Temple   | Became a worshipper of Makhleb the Destroyer
  3023 | D:6      | Found a blossoming altar of Fedhas.
  3028 | D:6      | Reached skill level 1 in Axes
  3028 | D:6      | Reached XP level 8. HP: 70/70 MP: 7/7
  3087 | D:6      | Reached skill level 2 in Axes
  3087 | D:6      | Reached skill level 1 in Invocations
  3373 | D:6      | Reached skill level 3 in Axes
  3752 | D:7      | Reached skill level 4 in Axes
  3752 | D:7      | Reached * piety under Makhleb
  4086 | D:7      | Found a basalt altar of Yredelemnul.
  4093 | D:7      | Found a glowing silver altar of Zin.
  4156 | D:7      | Reached skill level 5 in Axes
  4156 | D:7      | Reached XP level 9. HP: 64/79 MP: 8/10
  4545 | D:7      | Found a sacrificial altar of Ru.
  4690 | D:8      | Reached skill level 14 in Axes
  4690 | D:8      | Reached XP level 10. HP: 86/86 MP: 11/11
  4698 | D:8      | Reached ** piety under Makhleb
  4852 | D:8      | Found a runed translucent gate.
  4854 | D:8      | Found a runed translucent gate.
  4855 | D:8      | Found a runed translucent gate.
  4856 | D:8      | Noticed gruber's ghost (novice GnFi)
  5292 | D:8      | Found a viscous altar of Jiyva.
  5331 | D:9      | Reached *** piety under Makhleb
  5428 | D:9      | Found a shimmering altar of Xom.
  5428 | D:9      | Found a white marble altar of Elyvilon.
  5553 | D:9      | Noticed a two-headed ogre
  5882 | D:9      | Killed a two-headed ogre
  6024 | D:9      | Reached XP level 11. HP: 94/94 MP: 12/12
  6068 | D:9      | Reached **** piety under Makhleb
  6396 | D:9      | Found Uma Vim's General Store.
  6717 | D:9      | Found a staircase to the Orcish Mines.
  6848 | D:10     | Entered Level 10 of the Dungeon
  7072 | D:10     | Killed an unseen horror
  7353 | D:10     | Reached skill level 15 in Axes
  7435 | D:10     | Noticed Maggie
  7437 | D:10     | Reached ***** piety under Makhleb
  7442 | D:10     | Killed Maggie
  7848 | D:11     | Found a staircase to the Lair.
  7848 | D:11     | Noticed a fire dragon
  7854 | D:11     | Killed from afar by a fire dragon

Illustrated notes

Levels and vault maps discovered:
D:1:      grunt_arrival_crossed_arrows, layout_basic, chequers_decorated_corner,
          minmay_splitting_lines, chequers_serial_rivers_room_a,
          minmay_tetromino_l2
D:2:      layout_rooms, chequers_ecumenical_altar_twisty, first_ration,
          minmay_misc_feat_five, uniq_terence, uniq_sigmund
D:3:      layout_rooms
D:4:      layout_cave_pools, gammafunk_ghost_grave, hex_tiny
D:5:      layout_rooms, nicolae_sextant, uniq_edmund
D:6:      layout_basic, fedhas_altar_3, minmay_temple_entry_wispy,
          grunt_decor_fettered, eino_small_chamber_without_monster
D:7:      layout_cave_pools, gammafunk_temple_overflow_forgotten, minmay_holes
D:8:      layout_loops_ring, gammafunk_ghost_ooze
D:9:      layout_gridville, chequers_temple_overflow_statue_of_worship,
          erik_orc_2, serial_shops, nicolae_shop_statue_plus
D:10:     layout_irregular_city, serial_glass, glass_columns_a, glass_columns_b,
          hangedman_pestilent_swarm, uniq_maggie
D:11:     layout_long_grid, minmay_lair_entry_lava, serial_shops, shop_statue,
          kennysheep_small_spiral, minmay_protected_statue
Temple:   eino_temple_scatter_basement

Skill      XL: |  1  2  3  4  5  6  7  8  9 10 11 |
---------------+----------------------------------+-----
Fighting       | 4 5 6 7 8 |  8.8
Short Blades   | 3 4 5 6 |  6.7
Armour         | 4 5 6 7 8 |  8.7
Shields        | 4 5 6 7 8 |  8.7
Axes           | 1 5 14 15 | 15.2
Invocations    | 2 3 4 |  4.9

Action                   |  1- 3 |  4- 6 |  7- 9 | 10-12 || total
-------------------------+-------+-------+-------+-------++-------
Melee: Rapier            |    61 |    75 |    70 |       ||   206
       Headbutt          |    14 |    23 |    29 |    40 ||   106
       War axe           |       |       |   106 |   233 ||   339
  Use: Scroll            |       |       |     4 |     7 ||    11
       Potion            |       |       |     1 |       ||     1
  Eat: Chunk             |       |     1 |     5 |     6 ||    12
       Ration            |       |     1 |     1 |     1 ||     3
Armor: Scale mail        |    28 |    13 |       |       ||    41
       Plate armour      |       |    22 |    85 |   114 ||   221
Dodge: Dodged            |    16 |    13 |    45 |    34 ||   108
Block: Kite shield       |    25 |    41 |    81 |   118 ||   265

Table legend:
 A = Non-vault XP
 B = Vault XP
 C = Vault XP percentage of total XP
 D = Non-vault monster count
 E = Vault monster count
 F = Vault count percentage of total count
                 A         B        C        D         E       F
            +---------+---------+-------+---------+---------+-------
      Total |   11325 |    1770 |  13.5 |     205 |      26 |  11.3
            +---------+---------+-------+---------+---------+-------
        D:1 |       1 |       0 |   0.0 |       1 |       0 |   0.0
        D:2 |       6 |      36 |  85.7 |       3 |       1 |  25.0
        D:3 |      54 |       0 |   0.0 |      14 |       0 |   0.0
        D:4 |     399 |       0 |   0.0 |      17 |       0 |   0.0
        D:5 |     484 |     169 |  25.9 |      15 |       1 |   6.2
        D:6 |    1004 |       0 |   0.0 |      21 |       0 |   0.0
        D:7 |    1036 |       0 |   0.0 |      26 |       0 |   0.0
        D:8 |    1757 |       6 |   0.3 |      36 |       2 |   5.3
        D:9 |    4079 |     732 |  15.2 |      48 |      17 |  26.2
       D:10 |    2029 |     827 |  29.0 |      19 |       5 |  20.8
       D:11 |     474 |       0 |   0.0 |       4 |       0 |   0.0
     Temple |       2 |       0 |   0.0 |       1 |       0 |   0.0
            +---------+---------+-------+---------+---------+-------
